 Dungeon Crawl Stone Soup version 0.30-a0-374-g95c0257040 (webtiles) character file.

Game seed: 7480809920730350936

14 patchburns1 the Magician (level 2, -3/22 HPs)
             Began as a Djinni Hedge Wizard on Nov 25, 2022.
             Killed from afar by a white imp (9 damage)
             ... with a puff of frost
             ... on level 6 of the Dungeon.
             The game lasted 00:16:01 (1538 turns).

patchburns1 the Magician (Djinni Hedge Wizard)      Turns: 1538, Time: 00:16:02

Health: -3/22      AC:  4    Str:  9    XL:     2   Next: 60%
Gold:   85         EV: 12    Int: 15    God:
                   SH:  0    Dex: 17

rFire   + + .      SeeInvis .    o - +2 flail (holy)
rCold   x . .      Faith    .    (no shield)
rNeg    . . .      Spirit   .    s - +1 leather armour of Dishonour {Will+ Dex+5}
rPois   ∞          Reflect  .    c - +0 hat
rElec   .          Harm     .    (no cloak)
rCorr   .          Rampage  .    (no gloves)
Will    +....                    (boots unavailable)
Stlth   ++........               (no amulet)
HPRegen 0.23/turn                (no ring)
MPRegen 0.00/turn                (no ring)

@: flying
A: sickness immunity, fire resistance 2, cold vulnerability 1, float, innate
caster, HP casting, extra vitality 1
a: no special abilities


You were on level 6 of the Dungeon.
You visited 1 branch of the dungeon, and saw 4 of its levels.

You collected 85 gold pieces.

Inventory:

Hand Weapons
 a - a +0 dagger
 d - a +0 dagger
 l - a +0 sling
 o - a +2 flail of holy wrath (weapon)
Missiles
 m - 27 stones
Armour
 b - a +0 robe
 c - a +0 hat (worn)
 s - the +1 leather armour of Dishonour (worn) {Will+ Dex+5}
   (You found it on level 2 of the Dungeon)

   Dex:       It affects your dexterity (+5).
   Will:      It increases your willpower.
Scrolls
 e - 2 scrolls of identify {unknown}
 f - a scroll of fear {unknown}
 h - a scroll of enchant weapon {unknown}
 i - a scroll of poison {unknown}
 k - 2 scrolls of magic mapping {unknown}
 p - a scroll of immolation {unknown}
Potions
 g - 3 potions of curing {unknown}
 j - a potion of attraction {unknown}
 n - 2 potions of berserk rage {unknown}
 q - a potion of haste {unknown}
 r - a potion of invisibility {unknown}


   Skills:
 + Level 0.7 Fighting
 - Level 0.1 Short Blades
 + Level 2.4 Dodging
 + Level 1.8 Stealth
 * Level 2.6 Spellcasting


You couldn't memorise any spells.
You knew the following spells:

 Your Spells              Type           Power      Damage    Failure   Level
a - Magic Dart            Conj           36%        1d4       10%         1
b - Slow                  Hex            36%        N/A       10%         1
c - Blink                 Tloc           18%        N/A       16%         2
d - Call Imp              Summ           9%         N/A       16%         2
e - Cigotuvi's Dreadful   Necr/Pois/Air  18%        N/A       16%         2
f - Mephitic Cloud        Conj/Pois/Air  9%         N/A       30%         3
Your spell library was empty.

Dungeon Overview and Level Annotations

Branches:
Dungeon (3/15)

Altars:


Innate Abilities, Weirdness & Mutations

You are immune to sickness and miasma.
You are immune to poison.
Your flesh is very heat resistant. (rF++)
You are vulnerable to cold. (rC-)
You float through the air rather than walking.
You learn spells naturally, not from books.
Your magical power is your life essence.
You have superior vitality. (+4 MHP)


Message History

You see here a +0 robe.
There is a stone staircase leading down here.
Unknown command.
You fly downwards.
A sourceless malevolence fills the Dungeon...
You are sucked into a shaft and drop 3 floors!
The shaft crumbles and collapses.
You hear the hiss of flowing sand.
There is an entrance to an ossuary on this level.
Hurry and find it before the portal is buried!
A white imp comes into view.
The white imp shouts!
Aiming: Magic Dart (safe; 10% risk of failure)
Press: ? - help, Q - select action, (/) - cycle Shift-Dir - straight line, f - white imp
Aim: a white imp (100% to hit)
The magic dart hits the white imp but does no damage.
The white imp puffs mist at you.
Aiming: Magic Dart (safe; 10% risk of failure)
Press: ? - help, Q - select action, (/) - cycle Shift-Dir - straight line, f/p - white imp
Aim: a white imp (100% to hit)
The magic dart hits the white imp but does no damage.
The white imp gestures at you. The puff of frost misses you.
Aiming: Magic Dart (safe; 10% risk of failure)
Press: ? - help, Q - select action, (/) - cycle Shift-Dir - straight line, f/p - white imp
Aim: a white imp (100% to hit)
The magic dart hits the white imp.
The white imp is lightly wounded.
Unknown command.
Aiming: Magic Dart (safe; 10% risk of failure)
Press: ? - help, Q - select action, (/) - cycle Shift-Dir - straight line, f/p - white imp
Aim: a white imp (lightly wounded, 100% to hit)
The magic dart hits the white imp but does no damage.
The white imp is lightly wounded.
The white imp gestures at you. The puff of frost hits you!
You feel a terrible chill!
Ouch! That really hurt!
* * * LOW HITPOINT WARNING * * *
The white imp gestures at you. The puff of frost hits you!
You feel a terrible chill!
You die...

#. ..# #.#
##.# ###
..###.# ###
#.##.#.# ...
######.#.###.#
.. .
#.......##
#.##.#....
..####.##
##@......#
##.##
##.##.##.##
###.###.## #
#....#.5.#
#...##.##.#
#.... #.# .#
#..... ..# ..
##.....### ...
##...# ...


You could see a white imp.

Vanquished Creatures
  A dart slug (D:1)
  2 endoplasms (D:2)
  2 giant cockroaches
  2 goblins
  A hobgoblin (D:2)
  A ball python (D:2)
  A frilled lizard (D:1)
  A kobold (D:1)
11 creatures vanquished.

Notes
Turn   | Place    | Note
-------+----------+-------------------------------------------
     0 | D:1      | patchburns1 the Djinni Hedge Wizard began the quest for the
                  | Orb.
     0 | D:1      | patchburns1 set off with the following spells memorised:
                  | Magic Dart, Slow, Blink, Call Imp, Cigotuvi's Dreadful Rot,
                  | Mephitic Cloud.
     0 | D:1      | Reached XP level 1. HP: 15/15 MP: 0/0
   432 | D:1      | Reached XP level 2. HP: 22/22 MP: 0/0
  1497 | D:2      | Identified the +1 leather armour of Dishonour {Will+ Dex+5}
  1519 | D:3      | You are sucked into a shaft and drop 3 floors!
  1538 | D:6      | Killed from afar by a white imp

Illustrated notes

Levels and vault maps discovered:
D:1:      mrwooster_arrival_statue_3, layout_basic
D:2:      layout_loops_ring
D:3:      layout_basic, ebering_ghost_sewer_d
D:6:      layout_loops_cross, gup_ossuary_entry_pyramid, uniq_maggie

Action                   || total
-------------------------++-------
Melee: Flail             ||    14
       Dagger            ||     1
 Cast: Magic Dart        ||    24
Armor: Robe              ||     1
Dodge: Dodged            ||     9

Table legend: (Time is in decaauts)
 A = Elapsed time spent in this place.
 B = Non-inter-level travel time spent in this place.
 C = Inter-level travel time spent in this place.
 D = Time resting spent in this place.
 E = Time spent auto-exploring this place.
 F = Levels seen in this place.
 G = Mean time per level.
                   A        B        C        D        E       F      G
               +--------+--------+--------+--------+--------+-----+--------+
         Total |   1542 |    763 |    779 |      0 |    386 |   4 |  385.5 |
       Dungeon |   1542 |    763 |    779 |      0 |    386 |   4 |  385.5 |
               +--------+--------+--------+--------+--------+-----+--------+

Top non-repeatable levels by time:
     D:1: 1009 daAuts
     D:2: 508 daAuts
     D:6: 18 daAuts
     D:3: 5 daAuts
